Map: 궤도 조선소

Players

hydra - Winner!

  • Race: Zerg Zerg

Lambo

  • Race: Zerg Zerg
  • League: Grandmaster

Event: DreamHack ZOWIE Open Leipzig

VOD

Have the link to the VOD?

Description

Time

  • Played on: Jan. 22, 2016, 8:21 a.m.
  • Length: 10:51

All games in this series

Show
View Real Time Build Order
Export as new Build Order

hydra Zerg - Winner!

Build Orders: Pool First 

Get SALT Encoding   

  12  0:18  Spawning Pool  
  11  0:21  Drone  
  11  0:25  Drone  
  13  0:30  Drone  
  14  0:39  Overlord  
  14  1:04  Queen  
  14  1:05  Zergling x6  
  19  1:15  Zergling x2  
  20  1:26  Zergling x2  
  20  1:31  Hatchery  
  20  1:37  Drone  
  21  1:47  Overlord  
  21  1:59  Drone  
  22  2:05  Queen  
  23  2:11  Drone  
  23  2:12  Drone  
  23  2:14  Drone  
  25  2:16  Drone  
  25  2:22  Drone  
  24  2:33  Drone  
  24  2:36  Extractor  
  24  2:41  Queen  
  26  2:44  Drone  
  26  2:46  Drone x2  
  26  2:47  Drone x2  
  31  2:54  Overlord  
  31  2:56  Drone  
  32  3:06  Drone, Zergling x2  
  34  3:15  Drone  
  34  3:16  Drone  
  34  3:18  Drone  
  37  3:21  Roach Warren  
  37  3:22  Drone  
  37  3:24  Drone  
  38  3:27  Drone  
  38  3:30  Overlord  
  39  3:40  Lair, Extractor  
  39  3:41  Drone  
  39  3:42  Drone  
  39  3:45  Extractor  
  39  3:48  Drone x2  
  40  3:49  Drone  
  40  3:50  Drone  
  40  3:53  Drone  
  44  3:59  Drone  
  45  4:03  Overlord  
  45  4:07  Drone x2  
  45  4:09  Drone  
  47  4:13  Roach  
  47  4:17  Evolution Chamber, Roach  
  51  4:21  Overlord  
  51  4:22  Roach x2  
  54  4:26  Roach  
  54  4:30  Drone  
  57  4:33  Roach  
  57  4:37  Glial Reconstitution  
  59  4:39  Extractor  
  58  4:47  Drone  
  58  4:48  Drone  
  58  4:51  Drone x2  
  62  4:54  Drone  
  62  5:01  Drone  
  62  5:07  Spire  
  62  5:09  Drone x2  
  62  5:10  Hatchery  
  62  5:12  Overseer  
  62  5:17  Zerg Missile Weapons Level 1  
  62  5:18  Roach x2  
  62  5:21  Overlord  
  66  5:23  Drone  
  66  5:27  Drone  
  68  5:33  Overlord  
  68  5:35  Overlord  
  68  5:41  Drone x4  
  68  5:42  Overlord  
  72  5:50  Overlord  
  72  5:53  Overlord  
  72  5:59  Roach x5  
  72  6:02  Roach  
  84  6:05  Roach  
  84  6:09  Roach  
  84  6:10  Ravager x2  
  84  6:11  Ravager x3  
  93  6:16  Roach  
  93  6:18  Roach  
  97  6:23  Roach  
  99  6:28  Roach x2  
  99  6:29  Roach x2  
  99  6:32  Roach  
  109  6:36  Roach  
  111  6:40  Roach x3  
  112  6:52  Roach x4  
  94  6:58  Roach  
  90  7:05  Roach x2  
  81  7:11  Roach  
  71  7:15  Roach  
  71  7:16  Roach, Queen  
  69  7:23  Roach  
  69  7:28  Roach x2  
  71  7:33  Roach  
  71  7:40  Roach x2  
  71  7:44  Roach  
  68  7:46  Roach  
  68  7:47  Roach  
  65  7:52  Queen  
  65  7:57  Roach x3  
  52  8:09  Roach x3  
  55  8:19  Drone x2  
  55  8:21  Drone, Queen  
  55  8:24  Drone x3  
  60  8:28  Drone x2  
  60  8:33  Drone  
  63  8:37  Drone  
  63  8:38  Drone  
  65  8:43  Drone  
  65  8:47  Drone  
  67  8:49  Drone  
  68  9:01  Drone  
  68  9:02  Drone x5  
  74  9:10  Mutalisk x2  
  74  9:13  Mutalisk  
  80  9:19  Mutalisk  
  80  9:23  Mutalisk  
  84  9:25  Mutalisk  
  84  9:30  Mutalisk  
  88  9:33  Drone  
  88  9:35  Overlord  
  91  9:38  Roach  
  91  9:42  Roach  
  93  9:46  Roach x2  
  93  9:49  Roach  
  99  9:55  Roach x2  
  103  10:04  Roach x3  
  111  10:07  Roach x2  
  115  10:14  Roach x2  
  117  10:23  Roach x4  
Show
View Real Time Build Order
Export as new Build Order

Lambo Zerg 

Build Orders: Hatch First 

Get SALT Encoding   

  12  0:01  Drone  
  13  0:12  Overlord  
  13  0:18  Drone  
  14  0:30  Drone  
  14  0:31  Drone  
  14  0:35  Drone  
  17  0:51  Hatchery  
  17  0:54  Drone  
  17  0:57  Drone  
  18  1:08  Extractor  
  17  1:13  Spawning Pool  
  17  1:15  Drone  
  17  1:18  Drone  
  18  1:27  Drone  
  19  1:39  Overlord  
  19  2:00  Zergling x2  
  19  2:01  Zergling x2  
  20  2:09  Zergling x2  
  18  2:16  Zergling x4  
  18  2:17  Queen x2  
  21  2:31  Drone  
  21  2:36  Drone  
  23  2:41  Drone  
  24  2:49  Drone  
  25  2:53  Metabolic Boost  
  25  2:58  Drone  
  26  3:01  Drone  
  26  3:05  Drone  
  27  3:13  Drone x2  
  29  3:23  Drone x2  
  31  3:28  Drone x3  
  31  3:29  Drone  
  35  3:47  Hatchery  
  34  3:49  Drone  
  34  3:51  Overlord  
  35  3:58  Extractor  
  35  4:02  Drone  
  35  4:11  Drone x3  
  35  4:13  Drone x3  
  41  4:24  Roach Warren  
  41  4:25  Overlord x2  
  40  4:33  Queen  
  42  4:46  Overlord  
  40  5:04  Roach x8  
  56  5:07  Roach  
  56  5:09  Zergling x8  
  60  5:17  Roach x2  
  68  5:28  Roach x2, Zergling x2  
  68  5:29  Zergling x6  
  72  5:37  Roach  
  72  5:39  Overlord  
  74  5:44  Overlord  
  74  5:48  Overlord  
  74  6:02  Zergling x16  
  82  6:07  Overlord  
  82  6:08  Zergling x2  
  82  6:09  Zergling x2  
  84  6:13  Ravager x3  
  84  6:16  Zergling x6  
  90  6:23  Overlord  
  90  6:27  Ravager  
  90  6:28  Zergling x6  
  94  6:34  Zergling x6  
  94  6:38  Zergling x2  
  97  6:45  Zergling x2  
  97  6:46  Zergling x8  
  97  6:52  Zergling x6  
  88  6:56  Zergling x4  
  83  7:01  Zergling x6  
  83  7:03  Ravager  
  84  7:10  Zergling x8  
  84  7:15  Zergling x4  
  88  7:16  Ravager  
  88  7:20  Zergling x4  
  89  7:28  Zergling x6  
  86  7:33  Zergling x2  
  86  7:34  Zergling x2  
  81  7:40  Zergling x6  
  79  7:48  Zergling x6  
  73  7:52  Zergling x4  
  73  7:58  Ravager  
  68  7:59  Roach x4  
  58  8:14  Queen x3  
  58  8:28  Drone x6  
  63  8:42  Roach x4  
  63  8:47  Roach x2  
  75  8:50  Pneumatized Carapace  
  75  8:52  Roach x2  
  79  8:58  Queen  
  81  9:09  Queen  
  82  9:12  Roach x3  
  86  9:23  Roach x4  
  92  9:29  Zergling x14  
  99  9:32  Queen  
  99  9:33  Zergling x6  
  99  9:35  Overlord  
  104  9:40  Overlord  
  104  9:45  Zergling x2  
  104  9:46  Zergling x2  
  104  9:49  Spore Crawler  
  104  9:51  Zergling x2  
  106  9:55  Overlord  
  106  9:58  Spore Crawler, Ravager  
  106  10:01  Zergling x2  
  106  10:02  Zergling x10  
  106  10:05  Zergling x2  
  106  10:06  Zergling x2  
  111  10:09  Zergling x4  
  111  10:12  Zergling x2  
  111  10:13  Zergling x2  
  111  10:18  Ravager  
  111  10:20  Zergling x8  
  113  10:25  Zergling x6  
  113  10:26  Ravager  
  113  10:28  Zergling x2  
  109  10:33  Zergling x4  

Tags
 
Add a new tag
Caveats
  • Supply blocks, unpowered buildings, or Contaminate may cause inaccurate times.
  • Supply counts are checked every 10 seconds.